 Dungeon Crawl Stone Soup version 0.22-a0-351-g29664b4 (webtiles) character file.

158 KristoblXynda the Sneak (level 5, -7/25 HPs)
             Began as a Spriggan Assassin on Apr 12, 2018.
             Mangled by p0werm0de's ghost (13 damage)
             ... on level 3 of the Dungeon.
             The game lasted 00:12:28 (3874 turns).

KristoblXynda the Sneak (Spriggan Assassin)         Turns: 3874, Time: 00:12:29

Health: -7/25      AC:  5    Str:  7    XL:     5   Next: 16%
Magic:  4/6        EV: 19    Int: 14    God:
Gold:   99         SH:  0    Dex: 17    Spells: 4/4 levels left

rFire    . . .     SeeInvis +   a - +2 dagger
rCold    . . .     Gourm    .   (shield restricted)
rNeg     . . .     Faith    .   c - +0 robe
rPois    .         Spirit   .   (helmet restricted)
rElec    .         Reflect  .   f - +2 cloak {+Inv}
rCorr    .         Harm     .   (gloves unavailable)
MR       .....                  (boots unavailable)
Stlth    ++++......             (no amulet)
HPRegen  0.08/turn              (no ring)
MPRegen  0.10/turn              (no ring)

@: very slightly contaminated, invisible, very quick
A: very small, unfitting armour, see invisible, herbivore, speed 3, slow
metabolism 2
a: no special abilities


You were on level 3 of the Dungeon.
You were not hungry.

You visited 1 branch of the dungeon, and saw 3 of its levels.

You collected 99 gold pieces.

Inventory:

Hand Weapons
 a - a +2 dagger (weapon)
Missiles
 p - a curare-tipped needle
 q - 16 poisoned needles
Armour
 c - a +0 robe (worn)
 d - a +0 cloak
 f - a +2 cloak of invisibility (worn)
Scrolls
 b - a scroll of random uselessness {unknown}
 h - a scroll of magic mapping {unknown}
 j - a scroll of noise {unknown}
 l - a scroll of identify {unknown}
 m - a scroll of amnesia {unknown}
 r - a scroll of teleportation {unknown}
 s - a scroll of remove curse {unknown}
Potions
 e - a potion of heal wounds {unknown}
 i - 2 potions of mutation {unknown}
 k - a potion of might {unknown}
 n - 3 potions of curing {unknown}
 o - a potion of haste {unknown}
Comestibles
 g - 6 rations


   Skills:
 - Level 1.5 Fighting
 + Level 3.8 Short Blades
 - Level 2.0 Throwing
 + Level 4.2 Dodging
 + Level 7.5 Stealth


You had 4 spell levels left.
You didn't know any spells.

Dungeon Overview and Level Annotations

Branches:
Dungeon (3/15)

Altars:
Fedhas
Trog

Annotations:
D:3 p0werm0de's ghost, weakling DDFi


Innate Abilities, Weirdness & Mutations

You are very small and have problems with some larger weapons.
You are too small for most types of armour.
You have supernaturally acute eyesight. (SInv)
You are a herbivore.
You cover ground extremely quickly.
You need to consume almost no food.


Message History

P0werm0de's ghost is severely damaged.
P0werm0de's ghost hits you.
You hit p0werm0de's ghost but do no damage.
P0werm0de's ghost is severely damaged.
P0werm0de's ghost closely misses you.
You hit p0werm0de's ghost.
P0werm0de's ghost is severely damaged.
P0werm0de's ghost hits you.
You hit p0werm0de's ghost.
P0werm0de's ghost is almost destroyed.
You hit p0werm0de's ghost but do no damage.
P0werm0de's ghost is almost destroyed.
P0werm0de's ghost hits you!
Ouch! That really hurt!
* * * LOW HITPOINT WARNING * * *
You hit p0werm0de's ghost.
P0werm0de's ghost is almost destroyed.
P0werm0de's ghost hits you!
Ouch! That really hurt!
You die...

#.####.######.#
#.# #.######.###
##.####.......†...
#........#####.###
#..####.## #.#
#..# #.# #.# #..#
#.######.#
#..####........#
#@.............#
#W############.#
#.# #.# #.# #.#
#.# #.# #(#######.


You could see p0werm0de's ghost.

Vanquished Creatures
  Crazy Yiuf (D:2)
  4 gnolls
  2 adders
  An ooze (D:3)
  2 dart slugs (D:1)
  A worm (D:3)
  A leopard gecko (D:3)
  5 orcs
  2 ball pythons
  2 giant cockroaches
  8 goblins
  6 hobgoblins
  3 quokkas (D:2)
  9 bats
  3 frilled lizards
  4 kobolds
  8 rats
62 creatures vanquished.

Notes
Turn   | Place    | Note
-------+----------+-------------------------------------------
     0 | D:1      | KristoblXynda the Spriggan Assassin began the quest for the Orb.
     0 | D:1      | Reached XP level 1. HP: 10/10 MP: 2/2
   107 | D:1      | Reached skill level 6 in Stealth
   107 | D:1      | Reached XP level 2. HP: 14/14 MP: 3/3
  1181 | D:1      | Reached XP level 3. HP: 18/18 MP: 4/4
  1302 | D:2      | Found a blossoming altar of Fedhas.
  1820 | D:2      | Found a bloodstained altar of Trog.
  2475 | D:2      | Reached XP level 4. HP: 19/22 MP: 5/5
  2672 | D:2      | Reached skill level 7 in Stealth
  3139 | D:2      | Found a runed door.
  3143 | D:2      | Noticed Crazy Yiuf
  3172 | D:2      | Killed Crazy Yiuf
  3452 | D:3      | Reached XP level 5. HP: 19/25 MP: 6/6
  3831 | D:3      | Noticed p0werm0de's ghost (weakling DDFi)
  3874 | D:3      | Mangled by p0werm0de's ghost

Vault maps used:
D:1:      saegor_arrival_simple_e, minivault_23
D:2:      lemuel_doored_altar, trog_three_pillars_becter,
          uniq_crazy_yiuf_cottage
D:3:      first_ration, minivault_24

Skill      XL: |  1  2  3  4 |
---------------+-------------+-----
Dodging        | 2 3 4 |  4.2
Stealth        | 6 7 |  7.5
Short Blades   | 3 |  3.8
Fighting       | |  1.5
Throwing       | |  2.0

Action                   |  1- 3 |  4- 6 || total
-------------------------+-------+-------++-------
Melee: Dagger            |   155 |    81 ||   236
 Fire: Blowgun           |    18 |    17 ||    35
 Abil: Evoke Invisibilit |       |     1 ||     1
 Stab: Sleeping          |    11 |     4 ||    15
       Invisible         |       |     1 ||     1
  Eat: Ration            |       |     1 ||     1
Armor: Robe              |    18 |     6 ||    24
Dodge: Dodged            |   127 |    52 ||   179

Table legend:
 A = Spawn XP
 B = Non-spawn XP
 C = Spawn XP percentage of total XP
 D = Spawn monster count
 E = Non-spawn monster count
 F = Spawn count percentage of total count
 G = Total turns spent on level
                    A         B        C        D         E        F      G
               +---------+---------+-------+---------+---------+-------+---------
         Total |       0 |     226 |   0.0 |       0 |      62 |   0.0 |  3874
               +---------+---------+-------+---------+---------+-------+---------
           D:1 |       0 |      41 |   0.0 |       0 |      18 |   0.0 |  1250
           D:2 |       0 |     143 |   0.0 |       0 |      31 |   0.0 |  2022
           D:3 |       0 |      42 |   0.0 |       0 |      13 |   0.0 |   602
               +---------+---------+-------+---------+---------+-------+---------
